 Dungeon Crawl Stone Soup version 0.27.1 (webtiles) character file.

Game seed: 10712789067590708788

223 ZARRMARR the Ruffian (level 5, -4/41 HPs)
             Began as a Draconian Transmuter on Aug 24, 2021.
             Slain by Crazy Yiuf (13 damage)
             ... on level 2 of the Dungeon.
             The game lasted 00:08:16 (2305 turns).

ZARRMARR the Ruffian (Draconian Transmuter)         Turns: 2305, Time: 00:08:17

Health: -4/41      AC:  6    Str: 12    XL:     5   Next: 66%
Magic:  9/9        EV: 12    Int: 15    God:
Gold:   191        SH:  0    Dex: 11    Spells: 7/10 levels left

rFire    . . .     SeeInvis .     - Unarmed
rCold    . . .     Faith    .   (no shield)
rNeg     . . .     Spirit   .   (armour unavailable)
rPois    .         Reflect  +   (helmet currently unavailable)
rElec    .         Harm     .   (no cloak)
rCorr    .         Rampage  .   a - +0 pair of gloves
Will     .....                  (boots currently unavailable)
Stlth    +.........             d - amulet of reflection
HPRegen  0.13/turn              (no ring)
MPRegen  0.11/turn              (no ring)

@: confused, lethally poisoned (-4 -> -21), appendages, ambrosia-drunk
A: horns 2, talons 2, AC +5, unfitting armour, cold-blooded
a: End Transformation


You were on level 2 of the Dungeon.
You had temporarily grown beastly horns and talons.
You visited 1 branch of the dungeon, and saw 2 of its levels.

You collected 191 gold pieces.

Inventory:

Missiles
 f - a throwing net
Armour
 a - a +0 pair of gloves (worn)
Jewellery
 d - an amulet of reflection (around neck)
Scrolls
 b - 3 scrolls of identify {unknown}
 c - a scroll of acquirement {unknown}


   Skills:
 + Level 1.6 Fighting
 - Level 1.7 Dodging
 + Level 4.8 Unarmed Combat
 + Level 3.2 Spellcasting
 + Level 3.4 Transmutations


You had 7 spell levels left.
You knew the following spells:

 Your Spells              Type           Power      Damage    Failure   Level
a - Beastly Appendage     Tmut           24%        N/A       4%          1
b - Wereblood             Tmut           12%        N/A       8%          2

Your spell library contained the following spells:

 Spells                   Type           Power      Damage    Failure   Level
 Summon Small Mammal      Summ           8%         N/A       21%         1
 Spider Form              Tmut/Pois      3%         N/A       28%         3
 Call Canine Familiar     Summ           2%         N/A       52%         3
 Summon Guardian Golem    Hex/Summ       2%         N/A       52%         3
 Ice Form                 Ice/Tmut       7%         N/A       67%         4
 Orb of Destruction       Conj           1%         N/A       100%        7
 Spellforged Servitor     Conj/Summ      1%         N/A       100%        7


Dungeon Overview and Level Annotations

Branches:
Dungeon (2/15)

Altars:
Ashenzari

Annotations:
D:2 Crazy Yiuf


Innate Abilities, Weirdness & Mutations

You have temporarily grown beastly horns and talons.
Your plain brown scales are hard. (AC +5)
You cannot fit into any form of body armour.
You are cold-blooded and may be slowed by cold attacks.


Message History

There is an open door here.
Crazy Yiuf shouts!
Crazy Yiuf says, "Lay high pontify!"
Unknown command.
Could not explore, unopened runed door.
Unknown command.
Unknown command.
Unknown command.
Unknown command.
Casting: Beastly Appendage (safe; 4% risk of failure)
Confirm with . or Enter, or press ? or * to list all spells.
You grow a pair of large bovine horns.
Your feet morph into talons.
You open the door. You punch Crazy Yiuf!
Crazy Yiuf is moderately wounded.
Crazy Yiuf waves his quarterstaff at you.
Crazy Yiuf hits you with a +4 quarterstaff of chaos!
You are poisoned.
You hit Crazy Yiuf but do no damage.
Crazy Yiuf is moderately wounded.
You feel sick.
Crazy Yiuf screams, "Iron Xom sing-song!"
Crazy Yiuf hits you with a +4 quarterstaff of chaos!
* * * LOW HITPOINT WARNING * * *
Crazy Yiuf burns you.
* * * LOW HITPOINT WARNING * * *
It was a potion of ambrosia.
You are confused.
You feel invigorated.
You feel sick. Crazy Yiuf barely misses you.
You feel sick.
You bump into the tree.
You feel sick.
Crazy Yiuf hits you with a +4 quarterstaff of chaos!
* * * LOW HITPOINT WARNING * * *
You are lethally poisoned!
You are more confused.
You feel more invigorated.
* * * LOW HITPOINT WARNING * * *
You feel very sick.
Crazy Yiuf hits you with a +4 quarterstaff of chaos!
You die...

....÷...#######.##...##
##......# ###.....#
#.##.#..###........
####.##
#...#....#......... #.#
##.###.#........... #.#
### ######........ #.#
#........ #.####♣♣♣♣♣
#.......# #..#....♣.♣♣♣
### #......##
##....♣..♣.@♣#...#
#....###
#......♣♣♣♣g'...#
#....# ##....♣♣ ♣♣#..)#
#....# ####♣♣ ###
#....# #....# #....#
############## #......#
######.#########


You could see Crazy Yiuf.

Vanquished Creatures
  Sigmund (D:2)
  3 adders (D:2)
  2 dart slugs
  2 ball pythons (D:2)
  6 endoplasms
  4 giant cockroaches
  3 goblins
  2 quokkas (D:2)
  A bat (D:2)
  10 frilled lizards
  3 kobolds (D:1)
  A rat (D:2)
38 creatures vanquished.

Vanquished Creatures (others)
  A fungus (D:1)
  2 toadstools (D:1)
3 creatures vanquished.

Grand Total: 41 creatures vanquished

Notes
Turn   | Place    | Note
-------+----------+-------------------------------------------
     0 | D:1      | ZARRMARR the Draconian Transmuter began the quest for the
                  | Orb.
     0 | D:1      | Reached XP level 1. HP: 16/16 MP: 3/3
   556 | D:1      | Reached XP level 2. HP: 23/23 MP: 3/5
   670 | D:1      | Learned a level 2 spell: Wereblood
  1075 | D:2      | Noticed Sigmund
  1229 | D:2      | Killed Sigmund
  1230 | D:2      | Reached skill level 4 in Unarmed Combat
  1230 | D:2      | Reached XP level 3. HP: 16/28 MP: 4/7
  1230 | D:2      | Reached XP level 4. HP: 20/35 MP: 4/8
  1230 | D:2      | Reached XP level 5. HP: 22/40 MP: 4/9
  1695 | D:2      | Found a faded altar of an unknown god.
  1929 | D:2      | Found a runed translucent door.
  1930 | D:2      | Noticed Crazy Yiuf
  1971 | D:2      | Found a broken altar of Ashenzari.
  2305 | D:2      | Slain by Crazy Yiuf

Illustrated notes

Levels and vault maps discovered:
D:1:      dpeg_arrival_simpleton_a, layout_basic, minmay_gold_behind_fungi,
          corexii_item_surrounded_by_moat
D:2:      layout_loops_cross, shapermc_ecumenical_altar_notcrosses, basic_altar,
          solitary_fountain, minmay_lizard_pond, uniq_sigmund,
          uniq_crazy_yiuf_cottage

Skill      XL: |  1  2 |
---------------+-------+-----
Unarmed Combat | 4 |  4.8
Spellcasting   | 3 |  3.2
Transmutations | 3 |  3.4
Fighting       | |  1.6
Dodging        | |  1.7

Action                   |  1- 3 |  4- 6 || total
-------------------------+-------+-------++-------
Melee: Unarmed           |    55 |    55 ||   110
       Kick              |     9 |    13 ||    22
       Tailslap          |     7 |     2 ||     9
       Headbutt          |     5 |     5 ||    10
       Punch             |       |     1 ||     1
 Cast: Beastly Appendage |    13 |    13 ||    26
  Use: Potion            |       |     2 ||     2
 Stab: Sleeping          |     1 |       ||     1
Armor: Skin              |    11 |    18 ||    29
Dodge: Dodged            |    25 |    40 ||    65
Block: Other             |       |     2 ||     2
